 Dungeon Crawl Stone Soup version 0.30.1-3-gfc49f6343a (webtiles) character file.

Game seed: 1847345774443664098

51944 Martska the Warrior (level 14, -9/136 HPs)
             Began as a Minotaur Fighter on July 19, 2023.
             Was the Champion of the Shining One.
             Mangled by a pharaoh ant (13 damage)
             ... on level 3 of the Spider Nest.
             The game lasted 00:45:01 (15775 turns).

Martska the Warrior (Minotaur Fighter)             Turns: 15775, Time: 00:45:02

Health: -9/136     AC: 13    Str: 26 (27) XL:     14   Next: 25%
Magic:  0/19       EV: 19    Int:  4 (5)  God:    the Shining One [******]
Gold:   1327       SH:  0    Dex:  6 (9)  Spells: 13/13 levels left

rFire   . . .        b - +5 battleaxe (freeze)
rCold   . . .        (shield currently unavailable)
rNeg    + + +        K - +0 troll leather armour
rPois   .            (helmet restricted)
rElec   .            o - +2 cloak {Stlth+}
rCorr   .            (no gloves)
SInv    .            (no boots)
Will    +....        (no amulet)
Stlth   +            g - +5 ring of evasion
HPRegen 1.22/turn    a - +4 ring of protection
MPRegen 0.16/turn

%: no passive effects
@: confused, lethally poisoned (-9 -> -30), glowing
A: horns 2, retaliatory headbutt
a: Renounce Religion, Divine Shield, Cleansing Flame, Summon Divine Warrior,
Brand Weapon With Holy Wrath


You were on level 3 of the Spider Nest.
You worshipped the Shining One.
The Shining One was exalted by your worship.
You visited 5 branches of the dungeon, and saw 20 of its levels.

You collected 2018 gold pieces.
You spent 691 gold pieces at shops.

Inventory:

Hand Weapons
 b - a +5 battleaxe of freezing (weapon)
 D - a +7 vampiric battleaxe
 H - a +0 broad axe of flaming
 N - a +1 battleaxe
 R - a +2 short sword of electrocution
 S - a +2 dagger of venom
 T - a +3 hand axe
 U - a +1 hand axe of venom
Missiles
 q - 6 throwing nets
Armour
 o - a +2 cloak of stealth (worn)
 J - +0 acid dragon scales
 K - a +0 troll leather armour (worn)
 L - a +2 scale mail of willpower
 Q - an orb of wrath
 V - a +0 kite shield
 W - the +4 skin of Zhor {*Englaciate rC+++ SInv}
   (You found it on level 2 of the Spider Nest)

   *Englaciate: It radiates cold, occasionally slowing all nearby creatures who
   are not resistant to cold.
   rC:        It renders you almost immune to cold.
   SInv:      It lets you see invisible.
 Z - a +1 chain mail of cold resistance
Jewellery
 a - a +4 ring of protection (right hand)
 c - a +6 ring of intelligence
 g - a +5 ring of evasion (left hand)
 j - a ring of fire
 x - the ring of Surprise {rC- rN+ rCorr Str+4}
   (You found it on level 2 of the Spider Nest)

   [ring of positive energy]

   Str:       It affects your strength (+4).
   rC:        It makes you vulnerable to cold.
   rN:        It protects you from negative energy.
   rCorr:     It protects you from acid and corrosion.
Wands
 y - a wand of charming (13)
 A - a wand of digging (1)
 I - a wand of flame (11)
 O - a wand of polymorph (4)
Scrolls
 d - 3 scrolls of fear (quivered)
 e - 3 scrolls of noise
 i - 4 scrolls of amnesia
 m - 5 scrolls of teleportation
 s - 2 scrolls of acquirement
 t - 6 scrolls of immolation
 u - 3 scrolls of blinking
 v - a scroll of fog {unknown}
 w - 6 scrolls of magic mapping
 B - a scroll of silence {unknown}
 E - 2 scrolls of enchant armour
 M - a scroll of torment {unknown}
 X - a scroll of brand weapon {unknown}
 Y - a scroll of vulnerability {unknown}
Potions
 f - 4 potions of curing
 h - 4 potions of lignification
 k - 2 potions of brilliance
 l - a potion of cancellation {unknown}
 n - 3 potions of heal wounds
 p - a potion of might
 r - 3 potions of mutation
 z - 3 potions of attraction
 C - 2 potions of degeneration
 F - 3 potions of haste
 G - a potion of magic {unknown}
Miscellaneous
 P - a phantom mirror


   Skills:
 * Level 15.9 Fighting
 * Level 15.8 Axes
 * Level 10.9 Armour
 * Level 12.2 Dodging
 - Level 6.0 Shields
 - Level 9.3 Invocations


You had 13 spell levels left.
You didn't know any spells.
Your spell library contained the following spells:

 Spells                   Type           Power      Damage    Failure   Level
 Freeze                   Ice            0%         1d3       54%         1
 Sandblast                Erth           0%         2d4       54%         1
 Passwall                 Tmut/Erth      0%         N/A       67%         2
 Sublimation of Blood     Necr           0%         N/A       67%         2
 Wereblood                Tmut           0%         N/A       67%         2
 Frozen Ramparts          Ice            0%         1d1       88%         3
 Hailstorm                Conj/Ice       0%         3d3       88%         3
 Stone Arrow              Conj/Erth      0%         3d7       88%         3
 Ice Form                 Ice/Tmut       0%         N/A       99%         4
 Manifold Assault         Tloc           0%         N/A       99%         4
 Summon Ice Beast         Ice/Summ       0%         N/A       99%         4
 Fireball                 Conj/Fire      0%         3d3       100%        5
 Iskenderun's Battlesphe  Conj           0%         2d6       100%        5
 Conjure Ball Lightning   Conj/Air       0%         3x3d6     100%        6
 Dispersal                Tloc           0%         N/A       100%        6
 Malign Gateway           Summ/Tloc      0%         N/A       100%        7
 Orb of Destruction       Conj           0%         9d5       100%        7
 Summon Hydra             Summ           0%         N/A       100%        7
 Disjunction              Tloc           0%         N/A       100%        8
 Summon Horrible Things   Summ           0%         N/A       100%        8


Dungeon Overview and Level Annotations

Branches:
Dungeon (11/15)            Temple (1/1) D:5            Lair (3/5) D:10
  Swamp (0/4) Lair:2       Spider (3/4) Lair:3          Orc (2/2) D:11
    Elf (0/3) Orc:2

Altars:
Ashenzari
Cheibriados
Dithmenos
Elyvilon
Fedhas
Gozag
Hepliaklqana
Kikubaaqudgha
Makhleb
Nemelex Xobeh
Okawaru
Qazlal
Ru
Sif Muna
Trog
Uskayaw
Vehumet
Wu Jian
Xom
Yredelemnul
Zin
The Shining One

Shops:
D:4 ?   Orc:1 *   Orc:2 *(=[(

Annotations:
Spider:1 1 runed translucent door, raetorn's ghost, journeyman SpEn
Spider:2 Roxanne
Spider:3 Arachne


Innate Abilities, Weirdness & Mutations

You have a pair of horns on your head.
You reflexively headbutt those who attack you in melee.


Message History

You climb downwards.
You feel a wave of frost pass over you.
There is an entrance to an ice cave on this level.
Hurry and find it before the portal melts!
Level annotation: Arachne The demonic crawler gives a hideous shriek!
The pharaoh ant bites you!!! The pharaoh ant misses you.
The ghost moth stares at you.
You feel your power leaking away. The wolf spider barely misses you.
The wolf spider bites you!
The redback bites you but does no damage.
The tarantella touches you!
You are confused.
The pharaoh ant bites you! The pharaoh ant closely misses you.
The pharaoh ant completely misses you. The ghost moth stares at you.
You feel your power leaking away. The tarantella touches you.
You are more confused.
The wolf spider hits you. The wolf spider misses you. The culicivora bites you.
The redback bites you!
You are poisoned.
The redback poisons you!
You hear a chilling moan.
There is a stone staircase leading up, spattered with blood here.
You feel extremely sick. The pharaoh ant closely misses you.
The pharaoh ant misses you. The pharaoh ant bites you!
* * * LOW HITPOINT WARNING * * *
The wolf spider hits you!
* * * LOW HITPOINT WARNING * * *
The wolf spider bites you but does no damage.
The redback barely misses you. The culicivora misses you.
The tarantella touches you but does no damage.
The ghost moth stares at you.
You feel your power leaking away. The pharaoh ant bites you!
* * * LOW HITPOINT WARNING * * *
The pharaoh ant bites you but does no damage.
The pharaoh ant bites you!
You die...

.....^......^.#
..(.. ...#......
.........^......
......#^........
....H..........<
#...^.#s........
......BBB#^....#
#..s@ssy.....
^.....s#sB....#.
........ss...^#
.#....#...|.....
..........#.....
...#^...........
......#...#.#...
...#^.#...## ..$
......^# ..


You could see Arachne, a ghost moth (invisible), an entropy weaver, a demonic
crawler, 2 wolf spiders, a culicivora, 3 pharaoh ants, a jumping spider, a
tarantella and 2 redbacks.

Vanquished Creatures
  Rupert (Lair:3)
  The ghost of ymhsbmbesitwf the Thaumaturge, a journeyman DjIE of Ashenzari (Spider:2)
  4 ghost moths
  2 orc warlords
  A spark wasp (Spider:2)
  2 entropy weavers
  A hydra (Lair:1)
  Harold (D:9)
  A centaur warrior (D:11)
  A jorogumo (Spider:2)
  5 two-headed ogres
  A radroach (Spider:2)
  A boulder beetle (Lair:2)
  A death scarab (Spider:2)
  Nergalle (Orc:1)
  A pharaoh ant (Lair:3)
  An orb spider (Spider:2)
  3 steelbarb worms
  3 orc knights (Orc:2)
  Pikel (D:6)
  5 wolf spiders
  An orc sorcerer (Orc:2)
  A cyclops (Orc:2)
  A guardian serpent (shapeshifter) (Spider:2)
  A black mamba (Lair:3)
  A cane toad (Lair:2)
  A torpor snail (Spider:1)
  An unseen horror (D:11)
  2 komodo dragons
  6 tarantellas
  4 trolls
  A polar bear (Lair:1)
  13 blink frogs
  9 jumping spiders
  Sigmund (D:2)
  5 culicivoras
  2 vampires (D:10)
  2 wraiths (D:10)
  29 yaks
  A wyvern (D:9)
  A basilisk (Lair:2)
  22 redbacks
  7 vampire mosquitoes
  Edmund (D:6)
  4 acid dragons
  A warg (Orc:1)
  12 water moccasins
  24 orc warriors
  An ice beast (D:5)
  3 black bears
  A sky beast (D:6)
  11 wolves
  5 ogres
  A phantom (D:7)
  A lemure (D:6)
  7 centaurs
  3 kobold brigands
  2 gnoll sergeants
  11 bullfrogs
  A scorpion (D:10)
  4 wights (D:10)
  5 killer bees (D:11)
  2 howler monkeys
  5 hounds
  A centaur zombie (D:5)
  23 orc priests
  A jelly (D:7)
  Crazy Yiuf (D:2)
  3 gnoll boudas
  An iguana (D:7)
  24 orc wizards
  7 hell rats (Lair:2)
  A killer bee zombie (D:5)
  Robin (D:2)
  28 gnolls
  9 adders
  A shadow imp (D:7)
  3 white imps
  2 ufetubi
  A worm (D:2)
  3 dart slugs
  95 orcs
  A bat (D:1)
  5 endoplasms
  4 giant cockroaches
  18 goblins
  9 hobgoblins
  2 jackals (D:2)
  15 kobolds
  2 quokkas
  13 ball pythons
  5 frilled lizards
  9 rats
543 creatures vanquished.

Vanquished Creatures (others)
  An orc wizard (D:5)
1 creature vanquished.

Grand Total: 544 creatures vanquished

Notes
Turn   | Place    | Note
-------+----------+-------------------------------------------
     0 | D:1      | Martska the Minotaur Fighter began the quest for the Orb.
     0 | D:1      | Reached XP level 1. HP: 19/19 MP: 0/0
   172 | D:1      | Reached skill level 1 in Dodging
   172 | D:1      | Reached XP level 2. HP: 27/27 MP: 1/1
   461 | D:1      | Found a faded altar of an unknown god.
   559 | D:1      | Reached XP level 3. HP: 32/33 MP: 2/2
   667 | D:2      | Noticed Sigmund
   678 | D:2      | Killed Sigmund
   679 | D:2      | Reached skill level 5 in Fighting
   679 | D:2      | Reached XP level 4. HP: 16/42 MP: 3/3
   679 | D:2      | Reached XP level 5. HP: 18/48 MP: 4/4
  1062 | D:2      | Noticed Robin
  1076 | D:2      | Killed Robin
  1162 | D:2      | Found a runed translucent door.
  1163 | D:2      | Noticed Crazy Yiuf
  1305 | D:2      | Killed Crazy Yiuf
  1306 | D:2      | Reached XP level 6. HP: 56/56 MP: 5/5
  1739 | D:3      | Reached skill level 5 in Axes
  2028 | D:4      | Found Mifaucov's Magic Scroll Shoppe.
  2087 | D:4      | Bought a scroll of blinking for 97 gold pieces
  2259 | D:4      | Found a shimmering altar of Xom.
  2652 | D:5      | Entered Level 5 of the Dungeon
  2852 | D:5      | Reached XP level 7. HP: 61/63 MP: 6/6
  2974 | D:5      | Reached skill level 5 in Dodging
  3183 | D:5      | Found a staircase to the Ecumenical Temple.
  3196 | Temple   | Entered the Ecumenical Temple
  3222 | Temple   | Became a worshipper of the Shining One
  3384 | D:5      | Found a basalt altar of Yredelemnul.
  3547 | D:6      | Noticed Pikel
  3553 | D:6      | Reached skill level 1 in Invocations
  3560 | D:6      | Reached XP level 8. HP: 60/73 MP: 7/7
  3569 | D:6      | Killed Pikel
  3582 | D:6      | Found a stormy altar of Qazlal.
  3742 | D:6      | Noticed an air elemental
  3763 | D:6      | Found a broken altar of Ashenzari.
  3777 | D:6      | Noticed Edmund
  3784 | D:6      | Killed Edmund
  3857 | D:6      | You fall into a shaft and drop 1 floor!
  3959 | D:7      | Reached * piety under the Shining One
  3960 | D:7      | Reached XP level 9. HP: 58/82 MP: 10/10
  4042 | D:7      | Found a shadowy altar of Dithmenos.
  4295 | D:7      | Found a white marble altar of Elyvilon.
  4637 | D:6      | Found a hide-covered altar of Uskayaw.
  4943 | D:6      | Found an ancient bone altar of Kikubaaqudgha.
  5374 | D:7      | Found a shimmering blue altar of Sif Muna.
  5392 | D:7      | Identified 2 scrolls of acquirement
  5480 | D:8      | Noticed a two-headed ogre
  5490 | D:8      | Killed a two-headed ogre
  5491 | D:8      | Reached skill level 5 in Invocations
  5725 | D:8      | Reached XP level 10. HP: 58/93 MP: 13/13
  5729 | D:8      | Reached skill level 10 in Fighting
  6415 | D:9      | Noticed a two-headed ogre
  6424 | D:9      | Killed a two-headed ogre
  6425 | D:9      | Reached skill level 10 in Axes
  6500 | D:9      | Found an iron altar of Okawaru.
  6575 | D:9      | Noticed Harold
  6598 | D:9      | Killed Harold
  7105 | D:9      | Found Zin's Purification Station.
  7108 | D:9      | Found a glowing silver altar of Zin.
  7133 | D:9      | Bought a potion of curing for 90 gold pieces
  7290 | D:10     | Entered Level 10 of the Dungeon
  7315 | D:10     | Reached ** piety under the Shining One
  7468 | D:10     | Found a burning altar of Makhleb.
  7542 | D:10     | Found a staircase to the Lair.
  7590 | D:10     | Reached XP level 11. HP: 102/102 MP: 15/15
  7633 | D:10     | Noticed a two-headed ogre
  7635 | D:10     | Reached skill level 5 in Armour
  7635 | D:10     | Reached skill level 5 in Shields
  7722 | D:10     | Killed a two-headed ogre
  7984 | D:10     | Reached *** piety under the Shining One
  8232 | D:11     | Noticed a centaur warrior
  8240 | D:11     | Killed a centaur warrior
  8608 | D:11     | Noticed a two-headed ogre
  8618 | D:11     | Killed a two-headed ogre
  8803 | D:11     | Found a staircase to the Orcish Mines.
  8824 | Orc:1    | Entered Level 1 of the Orcish Mines
  8984 | Orc:2    | Entered Level 2 of the Orcish Mines
  9135 | Orc:2    | Found a radiant altar of Vehumet.
  9154 | Orc:2    | Noticed a two-headed ogre
  9163 | Orc:2    | Killed a two-headed ogre
  9164 | Orc:2    | Reached XP level 12. HP: 83/113 MP: 17/17
  9174 | Orc:2    | Reached **** piety under the Shining One
  9183 | Orc:2    | Reached skill level 10 in Dodging
  9305 | Orc:2    | Found a staircase to the Elven Halls.
  9375 | Orc:1    | Noticed an orc warlord
  9508 | Orc:2    | Found Xaikhlaiw's Jewellery Emporium.
  9541 | Orc:2    | Bought a +4 ring of protection for 504 gold pieces
  9609 | Orc:2    | Found Ibufyam's Weapon Shoppe.
  9748 | Orc:2    | Found Muuzu's General Store.
  9885 | Orc:2    | Noticed an orc warlord
  9997 | Orc:1    | Noticed Nergalle
 10009 | Orc:1    | Killed Nergalle
 10027 | Orc:1    | Killed an orc warlord
 10108 | Orc:1    | Found Liddycs's Overcharged Wands.
 10362 | Orc:2    | Reached ***** piety under the Shining One
 10364 | Orc:2    | Found Gavi's Antique Armour Shop.
 10367 | Orc:2    | Found Keghuice's Antique Weapon Boutique.
 10657 | Orc:2    | Killed an orc warlord
 11119 | Lair:1   | Entered Level 1 of the Lair of Beasts
 11205 | Lair:1   | Noticed a four-headed hydra
 11211 | Lair:1   | Killed a one-headed hydra
 11234 | Lair:1   | Found a stormy altar of Qazlal.
 11414 | Lair:1   | Identified the +6 flail of Loony {freeze, rF+ Str+2 Int-5
                  | SInv}
 11496 | Lair:1   | Reached XP level 13. HP: 110/124 MP: 18/18
 11787 | Lair:1   | You fall into a shaft and drop 1 floor!
 12029 | Lair:2   | Found a staircase to the Swamp.
 12116 | Lair:2   | Identified the +3 short sword of Floods {drain, rPois Str+4
                  | Dex-3}
 12716 | Lair:3   | Noticed Rupert
 12731 | Lair:3   | The Shining One protects you from harm!
 12732 | Lair:3   | The Shining One protects you from harm!
 12733 | Lair:3   | Killed Rupert
 13071 | Lair:3   | Found a hole to the Spider Nest.
 13085 | Spider:1 | Entered Level 1 of the Spider Nest
 13292 | Spider:1 | Reached skill level 15 in Fighting
 13352 | Spider:1 | Noticed a ghost moth
 13363 | Spider:1 | Killed a ghost moth
 13485 | Spider:1 | Reached skill level 15 in Axes
 13846 | Spider:1 | Found a runed translucent door.
 13850 | Spider:1 | Noticed raetorn's ghost (journeyman SpEn)
 14225 | Spider:2 | Reached skill level 10 in Armour
 14384 | Spider:2 | Found the +4 skin of Zhor {*Englaciate rC+++ SInv}
 14387 | Spider:2 | Noticed ymhsbmbesitwf's ghost (journeyman DjIE)
 14387 | Spider:2 | Noticed a spark wasp
 14388 | Spider:2 | Noticed a ghost moth
 14390 | Spider:2 | Reached ****** piety under the Shining One
 14401 | Spider:2 | Paralysed by a jorogumo for 3 turns
 14483 | Spider:2 | Found a runed translucent gate.
 14483 | Spider:2 | Found a runed translucent gate.
 14519 | Spider:2 | Noticed a ghost moth
 14527 | Spider:2 | Killed a ghost moth
 14766 | Spider:2 | Found a runed translucent gate.
 14897 | Spider:2 | Reached XP level 14. HP: 42/135 MP: 19/19
 15159 | Spider:2 | Identified Roxanne's Anthology of the Switch
 15159 | Spider:2 | Noticed Roxanne
 15292 | Spider:2 | Noticed a ghost moth
 15298 | Spider:2 | Killed a ghost moth
 15634 | Spider:2 | Killed a ghost moth
 15671 | Spider:2 | Killed ymhsbmbesitwf's ghost
 15705 | Spider:2 | Identified the ring of Surprise {rC- rN+ rCorr Str+4}
 15768 | Spider:3 | Noticed Arachne
 15774 | Spider:3 | Noticed a ghost moth
 15775 | Spider:3 | HP: 4/136 [pharaoh ant (16)]
 15775 | Spider:3 | Mangled by a pharaoh ant

Illustrated notes

Levels and vault maps discovered:
D:1:      scummos_arrival_star, layout_loops_ring,
          nicolae_ecumenical_snake_handling, chequers_serial_rivers_small_a,
          minivault_26, kennysheep_decorative_pillar
D:2:      layout_rooms, serial_corexii_hall, corexii_hall_statues_u,
          corexii_hall_statues_deadend, serial_park_tiny_1, uniq_robin,
          uniq_sigmund, uniq_crazy_yiuf_cottage
D:3:      layout_rooms, minmay_snake_closets
D:4:      layout_loops_ring, mainiacjoe_overflow_24_doors, serial_shops,
          nicolae_shop_statue_plus
D:5:      layout_rooms, lemuel_zombie_altar_yredelemnul,
          minmay_temple_entry_water_ring
D:6:      layout_loops_ring, cheibrodos_ashenzari_chains, lemuel_doored_altar,
          general_overflow_altar, nicolae_qazlal_style_of_elements, uniq_edmund,
          uniq_pikel
D:7:      layout_loops_ring, old_standard_altar, led_sif_book,
          overflow_temple_1_default
D:8:      layout_rooms
D:9:      layout_loops_cross, zin_purify, amcnicky_altar_gilded, uniq_harold
D:10:     layout_rooms, mainiacjoe_overflow_cross_hatched,
          due_lair_maze_entry_diamond, grunt_decor_clamped, nzn_life_drinkers
D:11:     layout_loops_cross, hiddenorc1_lemuel
Temple:   chequers_temple_sunken
Lair:1:   layout_small_grid, basic_altar, grunt_megastairs_5
Lair:2:   layout_cave_pods, minmay_swamp_entry_reptiles
Lair:3:   lemuel_reptile_caves, layout_cave_pods,
          nicolae_spider_entry_lesser_pyramids, uniq_rupert, uniq_fannar
Spider:1: layout_spider_delve, ebering_ghost_reflecting_pool
Spider:2: layout_cave_pods, gammafunk_ghost_split,
          hellmonk_deceptive_appearances, uniq_roxanne
Spider:3: layout_spider_delve, portal_ice_cave_entry_ice_simulacra, uniq_arachne
Orc:1:    layout_caves, nicolae_shop_overcharged_wands, uniq_nergalle
Orc:2:    grunt_orc_community_town_hall, layout_caves,
          grunt_orc_community_big_house_2, grunt_orc_community_big_house_1,
          grunt_orc_community_house_1, grunt_orc_community_house_1,
          grunt_orc_community_house_3, grunt_orc_community_house_3,
          grunt_orc_community_house_1, basic_altar, serial_shops,
          nicolae_shop_advertising_works [nicolae_subvault_shop_adworks]

Skill      XL: |  1  2  3  4  5  6  7  8  9 10 11 12 13 14 |
---------------+-------------------------------------------+-----
Dodging        | 1 3 4 5 6 8 9 10 11 12 | 12.2
Fighting       | 4 5 6 7 8 9 11 12 14 15 | 15.9
Axes           | 3 4 5 6 8 9 10 12 14 15 | 15.8
Invocations    | 1 3 5 7 8 9 |  9.3
Armour         | 4 7 8 10 | 10.9
Shields        | 4 6 |  6.0

Action                     |  1- 3 |  4- 6 |  7- 9 | 10-12 | 13-15 || total
---------------------------+-------+-------+-------+-------+-------++-------
  Melee: War axe           |    64 |   123 |   228 |   174 |       ||   589
         Headbutt          |     8 |    14 |    54 |   149 |    74 ||   299
         Battleaxe         |       |       |       |   309 |    30 ||   339
         Broad axe         |       |       |       |    47 |   254 ||   301
         Punch             |       |       |       |       |     1 ||     1
    Use: Potion            |     1 |       |       |     5 |    10 ||    16
         Scroll            |       |       |     9 |     7 |     6 ||    22
 Armour: Scale mail        |    17 |    79 |    93 |    20 |       ||   209
         Acid dragon scale |       |       |       |    13 |       ||    13
         Troll leather arm |       |       |       |    94 |   120 ||   214
  Dodge: Dodged            |    31 |    70 |   103 |   482 |   322 ||  1008
  Block: Buckler           |    10 |    25 |    37 |    42 |       ||   114
